 Dungeon Crawl Stone Soup version 0.31-a0-845-g9abc20d24f (webtiles) character file.

Game seed: 8017401268441909649

96 arglypuff the Ducker (level 4, -1/31 HPs)
             Began as a Djinni Hedge Wizard on Oct 1, 2023.
             Killed from afar by an orc wizard (9 damage)
             ... with a magic dart
             ... on level 3 of the Dungeon.
             The game lasted 00:02:53 (2125 turns).

arglypuff the Ducker (Djinni Hedge Wizard)          Turns: 2125, Time: 00:02:54

Health: -1/31      AC:  2    Str:  9    XL:     4   Next: 98%
Gold:   113        EV: 13    Int: 17    God:
                   SH:  0    Dex: 13

rFire   + + .        a - +0 dagger
rCold   x . .        (no shield)
rNeg    . . .        b - +0 robe
rPois   ∞            c - +0 hat
rElec   .            (no cloak)
rCorr   .            (no gloves)
SInv    .            (boots unavailable)
Will    .....        (no amulet)
Stlth   ++           (no ring)
HPRegen 0.25/turn    (no ring)
MPRegen 0.00/turn

%: infuse magic (-2 HP)
@: flying, very slightly contaminated
A: sickness immunity, fire resistance 2, cold vulnerability 1, float, innate
caster, HP casting, extra vitality 1
a: no special abilities


You were on level 3 of the Dungeon.
You visited 1 branch of the dungeon, and saw 3 of its levels.

You collected 113 gold pieces.

Inventory:

Hand Weapons
 a - a +0 dagger (weapon)
Armour
 b - a +0 robe (worn)
 c - a +0 hat (worn)
Scrolls
 f - 2 scrolls of identify {unknown}
 h - a scroll of poison {unknown}
 i - 2 scrolls of amnesia {unknown}
 j - a scroll of teleportation {unknown}
 n - a scroll of fear {unknown}
Potions
 d - 3 potions of lignification {unknown}
 e - a potion of enlightenment {unknown}
 g - 2 potions of resistance {unknown}
 k - 2 potions of heal wounds {unknown}
 l - a potion of degeneration {unknown}
 m - a potion of magic {unknown}
 o - 2 potions of berserk rage {unknown}


   Skills:
 + Level 0.6 Fighting
 + Level 3.7 Dodging
 + Level 2.9 Stealth
 + Level 3.0 Spellcasting
 + Level 3.0 Conjurations
 + Level 3.0 Hexes
 + Level 3.0 Summonings
 + Level 3.0 Necromancy
 + Level 3.0 Translocations
 + Level 3.0 Transmutations
 + Level 3.0 Fire Magic
 + Level 3.0 Ice Magic
 + Level 3.0 Air Magic
 + Level 3.0 Earth Magic
 + Level 3.0 Poison Magic


You knew the following spells:

 Your Spells              Type           Power      Damage    Failure   Level
a - Magic Dart            Conj           52%        1d5       4%          1
b - Slow                  Hex            52%        N/A       4%          1
c - Blink                 Tloc           26%        N/A       8%          2
d - Call Imp              Summ           26%        N/A       8%          2
e - Mephitic Cloud        Conj/Pois/Air  13%        N/A       16%         3
f - Kiss of Death         Conj/Necr      52%        2d9       4%          1
Your spell library was empty.

Dungeon Overview and Level Annotations

Branches:
Dungeon (3/15)

Altars:
Elyvilon

Shops:
D:2 (


Innate Abilities, Weirdness & Mutations

You are immune to sickness and miasma.
You are immune to poison.
Your flesh is very heat resistant. (rF++)
You are vulnerable to cold. (rC-)
You float through the air rather than walking.
You learn spells naturally, not from books.
Your magical power is your life essence.
You have superior vitality. (+4 MHP)


Message History

Nothing appears to happen.
The orc priest is engulfed in noxious fumes.
The orc priest appears confused.
The orc is engulfed in noxious fumes.
The orc appears confused.
The magic dart hits the orc.
You kill the orc!
The orc wizard gestures wildly while chanting.
The orc wizard flickers and vanishes!
Deactivating autopickup; reactivate with Ctrl-A.
The magic dart hits the orc.
The orc is almost dead.
The orc priest closely misses something.
The orc hits you with a +0 club.
The magic dart hits the orc.
You kill the orc!
The magic dart hits the orc priest.
The orc priest is moderately wounded.
The orc priest is engulfed in noxious fumes.
The orc priest appears confused.
The magic dart hits the orc priest but does no damage.
The orc priest is moderately wounded.
You miscast Magic Dart.
Nothing appears to happen.
The magic dart hits the orc priest but does no damage.
The orc priest is moderately wounded.
The orc priest misses you.
The magic dart hits the orc priest but does no damage.
The orc priest is moderately wounded.
You hear some strange, mumbled words.
A magic dart appears from out of thin air!
The magic dart hits you!
* * * LOW HITPOINT WARNING * * *
Something hits you.
* * * LOW HITPOINT WARNING * * *
You hear some strange, mumbled words.
Something tries to affect you, but you resist.
There is a stone staircase leading up here.
The orc priest closely misses the orc.
A magic dart appears from out of thin air!
The magic dart hits you!
You die...

# .# ###$
... ##
..##...
.?.....
#####......!
#@.{oo..#
#####)......
.......
.......
.......
.......
.......
.......


You could see an orc priest (confused) and an orc.

Vanquished Creatures
  4 adders (D:2)
  A dart slug (D:1)
  3 orcs (D:3)
  8 ball pythons
  8 endoplasms
  4 hobgoblins
  5 jackals
  2 kobolds (D:1)
  2 quokkas (D:1)
  4 bats
  3 frilled lizards
  4 goblins
  6 rats
54 creatures vanquished.

Notes
Turn   | Place    | Note
-------+----------+-------------------------------------------
     0 | D:1      | arglypuff the Djinni Hedge Wizard began the quest for the
                  | Orb.
     0 | D:1      | arglypuff set off with the following spells memorised:
                  | Magic Dart, Slow, Blink, Call Imp, Mephitic Cloud.
     0 | D:1      | Reached XP level 1. HP: 15/15 MP: 0/0
   158 | D:1      | Reached XP level 2. HP: 19/21 MP: 0/0
   606 | D:1      | Reached XP level 3. HP: 24/25 MP: 0/0
   606 | D:1      | Learned a level 1 spell: Kiss of Death
  1210 | D:2      | Reached XP level 4. HP: 27/31 MP: 0/0
  1391 | D:2      | Found Qigos's Weapon Emporium.
  1933 | D:2      | Found a white marble altar of Elyvilon.
  2125 | D:3      | Killed from afar by an orc wizard

Illustrated notes

Levels and vault maps discovered:
D:1:      erik_arrival_orb_chamber, layout_basic
D:2:      layout_basic, basic_altar, serial_shops, shop
D:3:      layout_basic, kennysheep_orc_sif_temple, zin_treasury

Skill      XL: |  1  2  3  4 |
---------------+-------------+-----
Stealth        | 2 |  2.9
Dodging        | 3 |  3.7
Spellcasting   | 3 |  3.0
Conjurations   | 3 |  3.0
Hexes          | 3 |  3.0
Summonings     | 3 |  3.0
Necromancy     | 3 |  3.0
Translocations | 3 |  3.0
Transmutations | 3 |  3.0
Fire Magic     | 3 |  3.0
Ice Magic      | 3 |  3.0
Air Magic      | 3 |  3.0
Earth Magic    | 3 |  3.0
Poison Magic   | 3 |  3.0
Fighting       | |  0.6

Action                     |  1- 3 |  4- 6 || total
---------------------------+-------+-------++-------
   Cast: Magic Dart        |    85 |    57 ||   142
         Mephitic Cloud    |       |     1 ||     1
 Armour: Robe              |     6 |     8 ||    14
  Dodge: Dodged            |    15 |    11 ||    26

Table legend: (Time is in decaauts)
 A = Elapsed time spent in this place.
 B = Non-inter-level travel time spent in this place.
 C = Inter-level travel time spent in this place.
 D = Time resting spent in this place.
 E = Time spent auto-exploring this place.
 F = Levels seen in this place.
 G = Mean time per level.
                   A        B        C        D        E       F      G
               +--------+--------+--------+--------+--------+-----+--------+
         Total |   2124 |   2073 |     51 |     67 |   1741 |   3 |  708.0 |
       Dungeon |   2124 |   2073 |     51 |     67 |   1741 |   3 |  708.0 |
               +--------+--------+--------+--------+--------+-----+--------+

Top non-repeatable levels by time:
     D:1: 1019 daAuts
     D:2: 995 daAuts
     D:3: 110 daAuts
